Map: Fields of Shazir

Players

gLMudis - Winner!

  • Race: Terran Terran
  • Spawn Location: 7:00

ggWUTLOL - Winner!

  • Race: Protoss Protoss
  • Spawn Location: 9:00

Reservkatt - Winner!

  • Race: Protoss Protoss
  • Spawn Location: 9:00

Loken

  • Race: Protoss Protoss
  • League: Platinum
  • Spawn Location: 5:00

dallaskuken

  • Race: Protoss Protoss
  • League: Platinum
  • Spawn Location: 3:00

Myran

  • Race: Protoss Protoss
  • Spawn Location: 3:00

VOD

Have the link to the VOD?

Description

Time

  • Played on: March 14, 2017, 6:58 p.m.
  • Length: 13:23
Show
View Real Time Build Order
Export as new Build Order

gLMudis Terran - Winner!

Build Orders: MMM Bio 

Get SALT Encoding   

  12  0:01  SCV  
  13  0:13  SCV  
  14  0:22  Supply Depot  
  14  0:26  SCV  
  15  0:43  SCV  
  15  0:44  Barracks  
  16  0:55  SCV  
  17  1:08  SCV  
  18  1:20  SCV  
  19  1:31  Marine  
  20  1:32  Orbital Command  
  20  1:41  Command Center  
  20  1:46  Supply Depot  
  20  1:49  Marine  
  20  1:53  Refinery  
  21  1:59  SCV  
  22  2:06  Barracks  
  22  2:16  SCV  
  22  2:18  Marine  
  24  2:26  Barracks  
  24  2:28  SCV  
  25  2:39  Marine  
  25  2:40  SCV  
  27  2:52  SCV  
  27  2:53  Orbital Command  
  27  2:54  Marine  
  27  2:56  Barracks  
  27  2:58  Marine  
  30  3:03  Supply Depot  
  30  3:04  SCV  
  31  3:15  Barracks Tech Lab  
  31  3:16  SCV, Marine x2  
  31  3:19  SCV  
  35  3:31  Supply Depot  
  35  3:34  Marine x3, Stimpack  
  38  3:43  Marine  
  38  3:47  SCV  
  40  3:48  SCV, Refinery  
  40  3:51  Marine  
  40  3:52  Marine  
  40  3:55  Marine  
  44  4:00  SCV  
  44  4:01  Marine  
  46  4:09  Marine  
  47  4:10  Marine  
  47  4:13  Refinery  
  47  4:14  Marine  
  49  4:17  Refinery  
  49  4:19  SCV x2, Marine  
  52  4:27  Marine x2  
  54  4:32  Marine  
  54  4:37  Marine  
  56  4:45  Marine x2  
  57  4:48  Factory  
  57  4:50  Marine  
  59  4:55  Marine  
  59  5:03  Marine x2  
  58  5:15  Marine x2  
  58  5:21  Marine x2  
  51  5:32  Factory Tech Lab  
  51  5:33  SCV x2, Marine x2, Starport  
  51  5:35  Combat Shields  
  53  5:38  Marine  
  53  5:39  Marine  
  50  5:45  SCV  
  48  5:50  Marine  
  48  5:51  Marine  
  48  5:56  Marine  
  48  5:57  Marine, Siege Tank  
  51  5:58  SCV x2  
  51  6:04  Supply Depot  
  57  6:08  Marine  
  57  6:09  Marine  
  57  6:10  SCV x2, Starport Reactor  
  61  6:14  Marine  
  62  6:18  Engineering Bay  
  62  6:19  Engineering Bay  
  62  6:25  Marine  
  63  6:26  Marine x2  
  63  6:27  Supply Depot  
  63  6:32  Marine  
  66  6:43  Marine  
  66  6:44  Marine x2  
  66  6:45  Terran Infantry Armor Level 1, Terran Infantry Weapons Level 1  
  69  6:48  Armory  
  69  6:50  Marine  
  69  6:51  Supply Depot  
  59  6:54  Medivac  
  70  6:55  Medivac  
  70  7:01  Marine  
  59  7:32  Marine x2  
  59  7:33  Siege Tank  
  59  7:34  SCV x2, Medivac x2  
  70  7:41  Command Center  
  70  7:43  Marine x2  
  72  7:50  Marine  
  73  8:02  Marine x2  
  73  8:05  Siege Tank  
  76  8:22  Marine x2  
  76  8:23  Marine x2  
  80  8:33  Medivac  
  82  8:37  Siege Tank  
  82  8:40  Terran Infantry Weapons Level 2, Marine  
  86  8:52  Marine x3  
  89  8:58  Marine  
  90  9:10  Marine x3  
  90  9:16  Marine  
  94  9:28  Marine x3  
  97  9:34  Marine  
  87  9:46  Marine x3  
  79  9:54  Marine  
  79  9:57  Siege Tank  
  73  10:01  Barracks  
  73  10:02  Barracks  
  73  10:04  Marine x3  
  73  10:05  Barracks  
  73  10:12  Marine  
  74  10:21  SCV  
  74  10:22  Marine x3  
  78  10:29  Missile Turret, Siege Tank  
  78  10:30  Marine  
  82  10:39  Marine x3  
  85  10:48  Marine  
  85  10:57  Marine x3  
  85  11:01  Siege Tank  
  90  11:05  Marine  
  91  11:15  Planetary Fortress, Marine x3  
  90  11:35  Marine  
  90  11:36  Marine x3  
  90  11:37  Siege Tank  
  97  11:44  Refinery  
  97  11:46  Refinery  
  97  11:52  Marine x2  
  97  11:53  Marine x2  
  101  12:02  Marine  
  101  12:36  Marine  
  101  12:37  Marine  
  101  12:39  Marine  
  101  12:42  Marine  
  100  12:56  Marine  
  101  13:03  Supply Depot x2  
  101  13:05  Supply Depot  
Show
View Real Time Build Order
Export as new Build Order

ggWUTLOL Protoss - Winner!

Build Orders:  

Get SALT Encoding   

  12  0:01  Probe (Chrono Boost)  
  13  0:12  Probe (Chrono Boost)  
  14  0:23  Pylon  
  14  0:24  Probe (Chrono Boost)  
  15  0:41  Probe (Chrono Boost)  
  16  0:55  Gateway  
  16  1:02  Probe (Chrono Boost)  
  17  1:08  Pylon  
  17  1:13  Probe (Chrono Boost)  
  18  1:19  Assimilator  
  18  1:23  Probe (Chrono Boost)  
  19  1:44  Cybernetics Core  
  19  1:46  Pylon, Zealot  
  21  1:52  Probe (Chrono Boost)  
  22  2:03  Probe (Chrono Boost)  
  22  2:05  Warp Gate  
  23  2:22  Stalker  
  25  2:27  Probe (Chrono Boost)  
  26  2:34  Pylon  
  26  2:53  Nexus  
  26  2:58  Forge  
  26  3:03  Pylon  
  26  3:13  Stalker  
  28  3:37  Probe (Chrono Boost)  
  28  3:38  Assimilator  
  29  3:43  Gateway  
  29  3:44  Gateway  
  28  4:05  Probe (Chrono Boost)  
  28  4:06  Probe (Chrono Boost)  
  30  4:17  Probe (Chrono Boost)  
  32  4:18  Probe (Chrono Boost)  
  32  4:20  Stalker  
  34  4:27  Probe (Chrono Boost)  
  34  4:30  Probe (Chrono Boost)  
  36  4:37  Pylon  
  36  4:45  Stalker  
  38  4:55  Probe (Chrono Boost)  
  38  4:57  Probe (Chrono Boost)  
  40  5:00  Assimilator  
  40  5:01  Stalker x2  
  40  5:30  Zealot x3  
  40  5:35  Protoss Ground Weapons Level 1  
  41  5:36  Probe (Chrono Boost)  
  41  5:37  Probe (Chrono Boost)  
  41  5:39  Gateway  
  41  5:41  Gateway  
  40  5:56  Stalker x2  
  44  5:57  Stalker  
  44  6:01  Probe x2 (Chrono Boost)  
  48  6:06  Twilight Council  
  48  6:13  Probe x2 (Chrono Boost)  
  50  6:20  Stalker x3  
  59  6:25  Probe (Chrono Boost)  
  59  6:27  Mothership Core (Chrono Boost)  
  59  6:37  Probe (Chrono Boost)  
  60  6:44  Stalker  
  60  6:45  Stalker x2  
  60  6:46  Zealot x2  
  70  6:52  Probe x2 (Chrono Boost)  
  70  6:53  Assimilator  
  72  7:04  Probe (Chrono Boost)  
  71  7:21  Stalker x4  
  61  7:55  Stalker x4  
  61  8:16  Stalker x2, Probe x2 (Chrono Boost)  
  55  8:24  Pylon  
  55  8:26  Pylon  
  53  8:29  Probe (Chrono Boost)  
  53  8:30  Pylon  
  53  8:32  Pylon  
  52  8:38  Pylon  
  52  8:41  Pylon  
  52  8:46  Blink  
  52  8:51  Stalker  
  52  8:52  Stalker x4, Pylon  
  62  9:07  Stargate  
  62  9:08  Protoss Ground Armor Level 1  
  62  9:26  Stalker  
  62  9:27  Stalker x2  
  62  9:28  Stalker x2  
  62  9:29  Nexus  
  72  9:38  Probe x2 (Chrono Boost)  
  64  10:03  Stalker x5  
  72  10:10  Probe x2 (Chrono Boost)  
  72  10:12  Pylon  
  74  10:14  Pylon  
  74  10:34  Void Ray  
  78  10:47  Stalker  
  78  10:48  Stalker x2  
  74  11:11  Void Ray  
  74  11:13  Stalker  
  74  11:14  Stalker x4  
  86  11:51  Stalker  
  86  11:52  Stalker x4  
  90  12:04  Void Ray  
  88  12:19  Stalker  
  88  12:20  Stalker x4  
  88  12:50  Stalker x4  
  88  12:51  Stalker  
  98  13:04  Probe x3 (Chrono Boost)  
  97  13:15  Assimilator  
  97  13:19  Assimilator  
Show
View Real Time Build Order
Export as new Build Order

Reservkatt Protoss - Winner!

Build Orders:  

Get SALT Encoding   

  12  0:18  Pylon  
  12  0:20  Probe (Chrono Boost)  
  13  0:31  Probe (Chrono Boost)  
  14  0:40  Gateway  
  14  0:46  Probe (Chrono Boost)  
  15  0:56  Probe (Chrono Boost)  
  16  1:09  Assimilator  
  16  1:20  Pylon, Probe (Chrono Boost)  
  17  1:31  Probe (Chrono Boost)  
  18  1:41  Probe (Chrono Boost)  
  19  1:52  Probe (Chrono Boost)  
  20  2:02  Probe (Chrono Boost)  
  21  2:32  Probe (Chrono Boost)  
  22  2:39  Zealot  
  22  2:42  Probe (Chrono Boost)  
  24  2:56  Pylon  
  24  3:06  Zealot  
  26  3:15  Gateway, Nexus  
  26  3:23  Pylon  
  26  3:30  Assimilator  
  26  3:31  Probe (Chrono Boost)  
  26  3:34  Zealot  
  29  3:42  Probe (Chrono Boost)  
  29  3:47  Pylon  
  30  3:52  Probe (Chrono Boost)  
  31  4:01  Zealot  
  33  4:12  Cybernetics Core  
  33  4:22  Probe (Chrono Boost)  
  34  4:28  Zealot  
  36  4:32  Forge  
  36  4:33  Probe (Chrono Boost)  
  36  4:37  Warp Gate  
  36  4:38  Gateway  
  37  4:44  Gateway  
  37  4:46  Probe (Chrono Boost)  
  38  4:55  Zealot  
  38  4:57  Probe (Chrono Boost)  
  41  5:07  Assimilator, Probe (Chrono Boost)  
  41  5:11  Protoss Ground Weapons Level 1  
  42  5:18  Probe (Chrono Boost)  
  42  5:20  Probe (Chrono Boost)  
  44  5:26  Stalker  
  46  5:28  Probe (Chrono Boost)  
  46  5:32  Probe (Chrono Boost)  
  48  5:39  Pylon, Probe (Chrono Boost)  
  49  5:49  Probe x2 (Chrono Boost)  
  51  6:00  Probe (Chrono Boost)  
  51  6:01  Probe (Chrono Boost)  
  51  6:03  Stalker x2  
  57  6:13  Probe (Chrono Boost)  
  57  6:15  Pylon  
  58  6:19  Robotics Facility  
  59  6:25  Robotics Facility  
  59  6:26  Probe (Chrono Boost)  
  59  6:34  Probe (Chrono Boost)  
  59  6:38  Probe (Chrono Boost)  
  61  6:50  Probe (Chrono Boost)  
  63  7:02  Probe (Chrono Boost)  
  63  7:05  Protoss Shields Level 1  
  63  7:14  Assimilator, Probe (Chrono Boost)  
  64  7:18  Stalker  
  64  7:19  Stalker  
  64  7:21  Stalker x2  
  72  8:08  Stalker  
  72  8:09  Stalker x3  
  80  8:45  Immortal  
  84  8:53  Pylon  
  84  8:55  Pylon  
  84  9:08  Immortal  
  86  9:24  Immortal  
  84  9:47  Immortal  
  84  9:52  Stalker x2  
  92  9:53  Stalker  
  92  9:54  Stalker  
  96  10:04  Immortal  
  98  10:26  Immortal  
  78  10:43  Immortal  
  72  10:56  Stalker  
  58  10:57  Stalker x2  
  58  10:58  Stalker  
  64  11:06  Immortal  
  63  11:22  Immortal  
  65  11:26  Stalker  
  65  11:27  Stalker x2  
  61  11:56  Stalker  
  61  11:57  Stalker  
  61  11:58  Stalker  
  55  12:21  Stalker  
  55  12:22  Stalker  
  52  12:23  Stalker  
  51  12:47  Pylon  
  51  12:57  Pylon  
  51  13:00  Stalker x2  
  51  13:01  Stalker  
  57  13:09  Pylon  
Show
View Real Time Build Order
Export as new Build Order

Loken Protoss 

Build Orders: Nexus First 

Get SALT Encoding   

  13  0:07  Probe (Chrono Boost)  
  13  0:17  Probe (Chrono Boost)  
  14  0:28  Probe (Chrono Boost)  
  15  0:29  Pylon  
  15  0:58  Nexus  
  15  0:59  Probe (Chrono Boost)  
  16  1:09  Probe (Chrono Boost)  
  17  1:20  Gateway, Probe (Chrono Boost)  
  18  1:30  Probe (Chrono Boost)  
  19  1:41  Probe (Chrono Boost)  
  19  1:43  Assimilator  
  20  1:47  Assimilator  
  20  1:52  Pylon, Probe (Chrono Boost)  
  21  2:02  Probe (Chrono Boost)  
  22  2:09  Cybernetics Core  
  22  2:13  Probe (Chrono Boost)  
  23  2:18  Gateway  
  23  2:27  Gateway  
  23  2:32  Gateway  
  24  2:37  Probe (Chrono Boost)  
  25  2:44  Probe (Chrono Boost)  
  25  2:45  Warp Gate  
  25  2:47  Probe (Chrono Boost)  
  26  2:53  Stalker  
  26  2:54  Probe (Chrono Boost)  
  26  2:58  Probe (Chrono Boost)  
  30  3:05  Probe (Chrono Boost)  
  31  3:07  Stalker  
  33  3:15  Probe x2 (Chrono Boost)  
  33  3:18  Stalker  
  37  3:25  Probe (Chrono Boost)  
  37  3:26  Probe (Chrono Boost)  
  39  3:35  Stalker  
  39  3:36  Probe (Chrono Boost)  
  39  3:38  Stalker  
  44  3:43  Zealot  
  46  3:57  Pylon  
  46  4:01  Pylon  
  46  4:04  Assimilator  
  46  4:09  Assimilator  
  46  4:26  Probe x2 (Chrono Boost)  
  48  4:34  Pylon  
  48  4:37  Probe (Chrono Boost)  
  50  4:38  Probe (Chrono Boost)  
  50  4:47  Probe (Chrono Boost)  
  50  4:50  Probe (Chrono Boost)  
  52  4:57  Gateway  
  52  4:58  Probe (Chrono Boost)  
  52  4:59  Gateway  
  53  5:02  Probe (Chrono Boost)  
  53  5:05  Stalker x4  
  56  5:34  Stalker x3  
  56  5:35  Stalker  
  54  5:56  Probe (Chrono Boost)  
  55  6:03  Robotics Facility  
  55  6:05  Robotics Facility  
  55  6:07  Probe (Chrono Boost)  
  56  6:14  Pylon  
  56  6:15  Pylon  
  56  6:18  Probe (Chrono Boost)  
  57  6:24  Stalker x3  
  57  6:25  Stalker x3  
  69  6:28  Probe (Chrono Boost)  
  70  6:34  Pylon  
  70  6:35  Pylon  
  70  6:37  Pylon  
  70  6:47  Twilight Council  
  70  6:55  Zealot x2  
  70  6:56  Zealot x3  
  70  6:57  Zealot  
  82  7:05  Pylon  
  68  7:29  Stalker  
  68  7:30  Stalker x4  
  68  7:31  Stalker  
  76  7:54  Stalker  
  76  7:55  Stalker x4  
  76  7:56  Stalker  
  64  8:27  Stalker x2  
  64  8:28  Stalker x4  
  64  8:33  Charge  
  74  8:34  Immortal x2  
  80  9:11  Nexus  
  80  9:13  Zealot  
  80  9:14  Zealot x5  
  75  9:50  Stalker x5  
  75  9:51  Stalker  
  46  10:09  Immortal x2  
  46  10:14  Zealot x3  
  56  10:15  Zealot x3  
  66  10:36  Zealot x3  
  66  10:37  Zealot x2  
  44  11:09  Sentry x2  
  44  11:10  Sentry x4  
  45  11:47  Zealot  
  45  11:48  Zealot x4  
  45  11:49  Zealot  
  19  13:06  Pylon  
Show
View Real Time Build Order
Export as new Build Order

dallaskuken Protoss 

Build Orders:  

Get SALT Encoding   

  12  0:02  Probe (Chrono Boost)  
  13  0:17  Pylon  
  13  0:18  Probe (Chrono Boost)  
  14  0:28  Probe (Chrono Boost)  
  15  0:39  Probe (Chrono Boost)  
  16  0:44  Gateway  
  17  0:50  Probe (Chrono Boost)  
  17  1:00  Probe (Chrono Boost)  
  18  1:05  Forge  
  18  1:11  Probe (Chrono Boost)  
  19  1:21  Probe (Chrono Boost)  
  20  1:27  Pylon  
  20  1:34  Pylon  
  20  1:35  Zealot  
  22  1:46  Photon Cannon  
  22  1:51  Photon Cannon, Probe (Chrono Boost)  
  23  1:56  Assimilator  
  23  2:02  Probe (Chrono Boost)  
  24  2:13  Probe (Chrono Boost)  
  25  2:26  Nexus  
  25  2:32  Probe (Chrono Boost)  
  26  2:42  Cybernetics Core  
  26  2:45  Probe (Chrono Boost)  
  26  2:47  Assimilator  
  27  2:51  Pylon  
  27  2:56  Probe (Chrono Boost)  
  28  3:06  Probe (Chrono Boost)  
  29  3:17  Probe (Chrono Boost)  
  29  3:18  Warp Gate  
  32  3:27  Sentry, Probe (Chrono Boost)  
  33  3:38  Probe (Chrono Boost)  
  34  3:42  Probe (Chrono Boost)  
  36  3:48  Pylon, Probe (Chrono Boost)  
  36  3:52  Probe (Chrono Boost)  
  37  3:59  Probe (Chrono Boost)  
  38  4:03  Probe (Chrono Boost)  
  38  4:09  Probe (Chrono Boost)  
  40  4:13  Photon Cannon, Probe (Chrono Boost)  
  40  4:14  Photon Cannon  
  41  4:17  Assimilator  
  41  4:20  Probe (Chrono Boost)  
  41  4:21  Assimilator  
  43  4:24  Probe (Chrono Boost)  
  43  4:30  Probe (Chrono Boost)  
  44  4:31  Pylon  
  44  4:33  Pylon  
  44  4:34  Probe (Chrono Boost)  
  45  4:38  Stalker  
  45  4:41  Probe (Chrono Boost)  
  45  4:45  Probe (Chrono Boost)  
  49  4:47  Pylon  
  49  4:52  Probe (Chrono Boost)  
  50  4:55  Probe (Chrono Boost)  
  50  4:59  Gateway  
  51  5:02  Gateway, Probe (Chrono Boost)  
  51  5:05  Gateway  
  51  5:06  Probe (Chrono Boost)  
  53  5:08  Gateway  
  53  5:17  Probe (Chrono Boost)  
  54  5:37  Pylon  
  54  5:48  Robotics Facility  
  54  6:03  Protoss Ground Weapons Level 1  
  54  6:10  Stalker x4  
  54  6:11  Stalker  
  64  6:19  Nexus  
  64  6:22  Pylon  
  64  6:25  Pylon  
  64  6:40  Photon Cannon  
  64  6:41  Stalker x2, Photon Cannon  
  64  6:42  Stalker x3  
  64  6:44  Photon Cannon  
  74  6:54  Pylon  
  74  6:56  Pylon  
  74  6:57  Photon Cannon  
  74  6:59  Photon Cannon  
  74  7:02  Photon Cannon  
  74  7:05  Stalker x2  
  62  7:23  Stalker  
  62  7:24  Stalker x2  
  68  7:43  Stalker x2  
  72  7:57  Protoss Ground Armor Level 1  
  72  8:07  Twilight Council  
  66  8:15  Stalker x4  
  66  8:16  Stalker  
  70  8:38  Immortal  
  68  8:43  Robotics Bay  
  64  9:16  Stalker x3  
  68  9:17  Stalker  
  68  9:24  Extended Thermal Lance  
  70  9:35  Colossus  
  70  9:37  Blink  
  76  9:40  Stalker x2  
  76  9:41  Stalker x2  
  76  9:42  Stalker  
  86  9:46  Gateway  
  86  9:52  Gateway  
  86  9:54  Gateway  
  86  10:05  Gateway  
  86  10:09  Stalker  
  80  10:38  Pylon  
  64  10:58  Stalker x4  
  64  10:59  Stalker  
  74  11:12  Stalker x4  
  67  11:37  Stalker x4  
  67  11:38  Stalker x5  
  75  12:21  Stalker x5  
  75  12:22  Stalker x2  
  69  12:52  Stalker  
  69  12:53  Stalker x5  
Show
View Real Time Build Order
Export as new Build Order

Myran Protoss 

Build Orders:  

Get SALT Encoding   

  12  0:01  Probe (Chrono Boost)  
  13  0:12  Probe (Chrono Boost)  
  14  0:21  Pylon  
  14  0:24  Probe (Chrono Boost)  
  15  0:39  Probe (Chrono Boost)  
  16  0:46  Forge  
  16  0:55  Pylon  
  16  1:15  Probe (Chrono Boost)  
  17  1:25  Gateway  
  17  1:32  Probe (Chrono Boost)  
  18  1:33  Pylon  
  18  1:38  Assimilator  
  18  1:43  Probe (Chrono Boost)  
  18  1:46  Pylon  
  19  1:56  Probe (Chrono Boost)  
  20  2:06  Photon Cannon, Probe (Chrono Boost)  
  21  2:08  Pylon  
  21  2:13  Photon Cannon  
  21  2:30  Probe (Chrono Boost)  
  21  2:40  Probe (Chrono Boost)  
  22  2:46  Nexus  
  22  2:49  Pylon  
  22  2:54  Probe (Chrono Boost)  
  23  2:59  Gateway  
  23  3:00  Gateway  
  23  3:03  Cybernetics Core  
  23  3:07  Assimilator  
  23  3:08  Probe (Chrono Boost)  
  23  3:12  Zealot  
  26  3:19  Probe (Chrono Boost)  
  27  3:40  Warp Gate  
  27  3:52  Stalker  
  27  3:53  Zealot  
  27  3:55  Zealot  
  33  4:01  Probe (Chrono Boost)  
  34  4:05  Probe (Chrono Boost)  
  35  4:11  Probe (Chrono Boost)  
  35  4:12  Pylon  
  35  4:15  Probe (Chrono Boost)  
  37  4:22  Probe (Chrono Boost)  
  38  4:26  Probe (Chrono Boost)  
  39  4:33  Probe (Chrono Boost)  
  39  4:34  Zealot  
  39  4:36  Probe (Chrono Boost)  
  39  4:37  Photon Cannon  
  43  4:40  Stalker  
  43  4:41  Assimilator  
  43  4:43  Probe (Chrono Boost)  
  46  4:47  Probe (Chrono Boost)  
  46  4:52  Assimilator  
  47  4:54  Probe (Chrono Boost)  
  47  4:59  Stalker  
  28  5:24  Zealot x2  
  31  5:37  Photon Cannon  
  31  5:39  Photon Cannon  
  31  5:40  Pylon  
  31  5:41  Zealot  
  31  5:50  Probe (Chrono Boost)  
  31  5:56  Pylon  
  32  5:58  Pylon  
  32  6:01  Probe (Chrono Boost)  
  33  6:07  Probe (Chrono Boost)  
  34  6:11  Probe (Chrono Boost)  
  34  6:17  Probe (Chrono Boost)  
  36  6:22  Probe (Chrono Boost)  
  36  6:23  Stalker  
  36  6:24  Zealot x2  
  44  6:32  Probe (Chrono Boost)  
  44  6:36  Photon Cannon  
  44  6:43  Probe (Chrono Boost)  
  45  6:50  Probe (Chrono Boost)  
  45  6:54  Protoss Ground Weapons Level 1, Probe (Chrono Boost)  
  47  7:00  Gateway, Probe (Chrono Boost)  
  48  7:03  Pylon  
  48  7:04  Probe (Chrono Boost)  
  48  7:08  Zealot  
  43  7:33  Zealot  
  43  7:34  Zealot x2  
  45  8:04  Zealot  
  45  8:05  Stalker x2  
  45  8:25  Zealot  
  43  8:30  Probe (Chrono Boost)  
  43  8:31  Probe (Chrono Boost)  
  45  8:37  Twilight Council  
  45  8:40  Probe (Chrono Boost)  
  46  8:42  Probe (Chrono Boost)  
  46  8:48  Protoss Shields Level 1  
  47  8:51  Gateway, Probe (Chrono Boost)  
  47  8:52  Probe (Chrono Boost)  
  47  8:53  Stalker x4  
  57  9:01  Probe (Chrono Boost)  
  58  9:03  Probe (Chrono Boost)  
  55  9:12  Probe (Chrono Boost)  
  55  9:13  Probe (Chrono Boost)  
  57  9:20  Stalker  
  57  9:21  Stalker x3  
  65  9:26  Charge  
  55  9:55  Zealot x4  
  57  10:05  Photon Cannon  
  57  10:07  Photon Cannon  
  49  10:24  Zealot x3  
  49  10:25  Zealot  
  40  10:48  Gateway x2  
  38  10:53  Zealot x2  
  38  10:54  Zealot x2  
  36  11:18  Zealot x2  
  30  11:19  Zealot x2  
  30  11:20  Zealot  
  36  11:46  Photon Cannon  
  36  11:47  Photon Cannon  
  36  11:51  Zealot x2  
  36  11:52  Zealot x3  
  26  12:14  Stalker x2  
Tags
 
Add a new tag
Caveats
  • Supply blocks, unpowered buildings, or Contaminate may cause inaccurate times.
  • Supply counts are checked every 10 seconds.